 Dungeon Crawl Stone Soup version 0.31.0-32-g396128a36d (webtiles) character file.

Game seed: 1972601283738022558

111 spaghetti the Caller (level 4, -4/30 HPs)
             Began as a Demonspawn Summoner on Mar 10, 2024.
             Killed from afar by an orc wizard (13 damage)
             ... with a puff of flame
             ... on level 3 of the Dungeon.
             The game lasted 00:03:12 (1486 turns).

spaghetti the Caller (Demonspawn Summoner)          Turns: 1486, Time: 00:03:13

Health: -4/30      AC:  3    Str:  9    XL:     4   Next: 62%
Magic:  6/9        EV: 12    Int: 17    God:
Gold:   106        SH:  0    Dex: 15    Spells: 4/10 levels left

rFire   . . .        f - +0 halberd (vamp)
rCold   . . .        (shield currently unavailable)
rNeg    . . .        a - +1 robe
rPois   .            (no helmet)
rElec   .            (no cloak)
rCorr   .            (no gloves)
SInv    .            (no boots)
Will    .....        g - amulet of faith
Stlth   +++          (no ring)
HPRegen 0.25/turn    (no ring)
MPRegen 0.22/turn

%: faith
@: inugami summoned
A: thin skeletal structure 1, magic regeneration
a: no special abilities


You were on level 3 of the Dungeon.
You visited 1 branch of the dungeon, and saw 3 of its levels.

You collected 106 gold pieces.

Inventory:

Hand Weapons
 c - a +0 dagger
 f - a +0 vampiric halberd (weapon)
Armour
 a - a +1 robe (worn)
Jewellery
 g - an amulet of faith (around neck)
Scrolls
 d - a scroll of identify {unknown}
 e - a scroll of teleportation
Potions
 b - a potion of magic
 i - a potion of curing {unknown}


   Skills:
 - Level 1.7 Dodging
 - Level 1.7 Stealth
 + Level 3.7 Spellcasting
 - Level 5.0 Summonings


You had 4 spell levels left.
You knew the following spells:

 Your Spells              Type           Power      Damage    Failure   Level
a - Summon Small Mammal   Summ           80%        N/A       1%          1
b - Call Imp              Summ           40%        N/A       3%          2
c - Call Canine Familiar  Summ           20%        N/A       6%          3

Your spell library contained the following spells:

 Spells                   Type           Power      Damage    Failure   Level
 Summon Blazeheart Golem  Fire/Summ      11%        N/A       50%         4
 Summon Lightning Spire   Summ/Air       11%        N/A       50%         4


Dungeon Overview and Level Annotations

Branches:
Dungeon (3/15)

Altars:

Annotations:
D:2 Terence


Innate Abilities, Weirdness & Mutations

You have a somewhat thin skeletal structure. (Dex +2, Stealth+)
You regenerate magic rapidly.


Message History

The orc is heavily wounded.
Your bat hits something but does no damage.
Your quokka closely misses the orc.
Your cerulean imp barely misses the orc.
Your quokka bites the orc.
Something hits you.
The orc hits your quokka with a +0 club.
Your quokka dies!
Your quokka's corpse disappears in a puff of smoke!
Your bat misses something.
Your cerulean imp hits the orc from afar with a -2 spear.
The orc dies!
You are too injured to fight recklessly!
You are too injured to fight recklessly!
You closely miss the orc.
Your bat barely misses something. x2
Something hits you. The orc completely misses you.
Your cerulean imp closely misses the orc.
Something hits you. The orc hits you with a +0 club.
You closely miss the orc.
Your bat closely misses something.
Your bat hits something but does no damage.
Your cerulean imp hits the orc from afar with a -2 spear.
The orc hits you with a +0 club. Something hits your bat.
Your bat dies!
Your bat's corpse disappears in a puff of smoke!
Your cerulean imp barely misses the orc.
You hear a shout!
You hit the orc.
You feel better.
You kill the orc!
Something hits you.
* * * LOW HITPOINT WARNING * * *
Something barely misses you.
You miss something. Something hits you but does no damage.
Your cerulean imp closely misses something.
You closely miss something.
You hear some strange, mumbled words.
Something tries to affect you, but you resist.
Your cerulean imp hits something but does no damage.
You hear some strange, mumbled words.
A puff of flame appears from out of thin air!
The puff of flame hits you!
You die...

## .# #. .. #. .#
<.####. #.#
.......###.#####
##.)@#.......
#..){5h>#
##...#..# ##.##..#
#. #..#
###.##.)### #####
#.......))###...##
#.#.##..#.##.....#
# #...........#


You could see a friendly cerulean imp (summoned) and a friendly inugami
(summoned).

Vanquished Creatures
  3 gnolls (D:3)
  2 orcs (D:3)
  6 endoplasms
  A giant cockroach (D:1)
  A hobgoblin (D:1)
  A jackal (D:2)
  A quokka (D:1)
  3 ball pythons
  4 bats
  A frilled lizard (D:1)
  4 kobolds
  5 rats
32 creatures vanquished.

Vanquished Creatures (collateral kills)
  Natasha (D:2)
  2 dart slugs
  2 orcs (D:3)
  2 endoplasms
  A giant cockroach (D:1)
  4 hobgoblins
  A ball python (D:2)
  A bat (D:1)
  4 kobolds
  2 rats (D:1)
20 creatures vanquished.

Grand Total: 52 creatures vanquished

Notes
Turn   | Place    | Note
-------+----------+-------------------------------------------
     0 | D:1      | spaghetti the Demonspawn Summoner began the quest for the
                  | Orb.
     0 | D:1      | Reached XP level 1. HP: 13/13 MP: 3/3
   225 | D:1      | Gained mutation: You regenerate magic rapidly. [demonic
                  | ancestry]
   225 | D:1      | Reached XP level 2. HP: 19/19 MP: 1/5
   236 | D:1      | Learned a level 2 spell: Call Imp
   754 | D:2      | Gained mutation: You have a somewhat thin skeletal
                  | structure. (Dex +2, Stealth+) [demonic ancestry]
   754 | D:2      | Reached XP level 3. HP: 24/24 MP: 4/7
   830 | D:2      | Learned a level 3 spell: Call Canine Familiar
  1131 | D:2      | Noticed Natasha
  1131 | D:2      | Noticed Terence
  1161 | D:2      | HP: 1/24 [cerulean imp/+1 spear[Natasha] (5)]
  1171 | D:2      | Killed Natasha
  1172 | D:2      | Reached skill level 5 in Summonings
  1361 | D:3      | Reached XP level 4. HP: 27/30 MP: 3/8
  1486 | D:3      | Killed from afar by an orc wizard

Illustrated notes

Levels and vault maps discovered:
D:1:      lightli_arrival_windingriver, layout_rooms
D:2:      layout_loops_cross, minmay_3d_cube, uniq_natasha, uniq_terence
D:3:      layout_loops_ring, tgw_kikubaaqudgha, nicolae_sif_muna_little_library,
          kennysheep_cross_bottleneck, uniq_sigmund

Skill      XL: |  1  2  3 |
---------------+----------+-----
Summonings     | 5 |  5.0
Spellcasting   | 3 |  3.7
Dodging        | |  1.7
Stealth        | |  1.7

Action                     |  1- 3 |  4- 6 || total
---------------------------+-------+-------++-------
  Melee: Dagger            |    26 |       ||    26
         Unarmed           |     4 |       ||     4
         Halberd           |    41 |    24 ||    65
   Cast: Summon Small Mamm |    20 |     2 ||    22
         Call Imp          |    15 |     2 ||    17
         Call Canine Famil |     5 |     2 ||     7
    Use: Scroll            |     6 |       ||     6
         Potion            |     1 |       ||     1
   Stab: Sleeping          |     7 |     2 ||     9
         Distracted        |     1 |       ||     1
 Armour: Robe              |    49 |    21 ||    70
  Dodge: Dodged            |    42 |    12 ||    54
